Map: Abyssal Reef LE

Players

Jack

  • Race: Terran Terran
  • League: Silver
  • Spawn Location: 5:00

Joestar - Winner!

  • Race: Protoss Protoss
  • League: Silver
  • Spawn Location: 11:00

VOD

Have the link to the VOD?

Description

Time

  • Played on: July 15, 2017, 11:38 a.m.
  • Length: 15:23
Show
View Real Time Build Order
Export as new Build Order

Jack Terran 

Build Orders:  

Get SALT Encoding   

  12  0:12  Supply Depot  
  12  0:13  SCV  
  13  0:32  SCV, Refinery  
  14  0:43  Barracks  
  14  0:48  SCV  
  15  1:00  SCV  
  16  1:05  Refinery  
  16  1:12  SCV  
  17  1:24  SCV  
  18  1:33  Barracks Reactor  
  18  1:36  SCV  
  18  1:39  Supply Depot  
  19  1:48  SCV  
  20  2:00  SCV  
  21  2:10  Supply Depot  
  21  2:12  SCV  
  21  2:14  Marine x2  
  24  2:24  SCV  
  25  2:41  Command Center  
  25  2:45  Marine x2  
  27  2:55  Orbital Command  
  27  3:08  Barracks  
  27  3:19  Marine x2  
  29  3:36  SCV  
  29  3:37  Marine x2  
  32  3:54  SCV, Marine x2  
  35  4:07  SCV, Barracks Tech Lab  
  36  4:12  Marine x2  
  38  4:19  SCV  
  39  4:30  Marine x2  
  39  4:31  SCV  
  42  4:40  Engineering Bay  
  42  4:42  Marauder  
  44  4:47  Concussive Shells  
  44  4:48  Marine x2  
  46  4:53  SCV  
  46  4:57  SCV  
  48  5:03  Marauder, Refinery  
  48  5:05  SCV  
  48  5:06  Marine x2  
  53  5:08  Refinery  
  53  5:09  SCV  
  53  5:11  Terran Infantry Weapons Level 1  
  54  5:22  Missile Turret  
  54  5:24  Supply Depot  
  54  5:34  SCV, Marauder  
  57  5:55  Marauder, Marine x2  
  61  6:03  Planetary Fortress  
  61  6:13  Marine x2, Missile Turret  
  61  6:16  SCV  
  64  6:22  Engineering Bay  
  64  6:28  SCV  
  64  6:31  Marine x2  
  64  6:32  Supply Depot  
  67  6:40  SCV  
  67  6:42  Combat Shields  
  68  6:49  Marine x2  
  68  6:52  Factory  
  68  6:54  SCV  
  71  6:57  Supply Depot  
  71  7:06  SCV  
  71  8:01  Stimpack  
  71  8:04  Starport  
  71  8:12  Factory Tech Lab  
  70  8:21  SCV  
  71  8:28  Supply Depot  
  71  8:34  SCV  
  74  8:41  Marauder  
  74  8:45  Starport Tech Lab  
  74  8:46  SCV  
  75  8:51  Missile Turret  
  75  8:58  SCV  
  75  9:00  Supply Depot  
  78  9:02  Marauder  
  78  9:03  Supply Depot  
  78  9:04  Command Center, Terran Infantry Armor Level 1  
  78  9:10  SCV  
  78  9:13  Banshee  
  82  9:24  Marauder  
  84  9:35  Cloaking Field  
  84  9:41  Marine  
  84  9:42  Marine  
  84  9:45  Marauder  
  88  9:55  Banshee  
  88  9:59  Marine x2  
  92  10:07  Marauder  
  95  10:09  Missile Turret  
  95  10:17  Marine x2  
  97  10:28  Marauder  
  98  10:29  Armory  
  98  10:35  Marine x2  
  99  10:38  Banshee  
  99  10:41  SCV  
  102  10:53  SCV  
  103  11:05  SCV  
  104  11:18  SCV  
  105  11:30  SCV  
  81  12:19  Medivac  
  83  12:24  Marauder  
  83  12:26  Marine x2  
  87  12:30  Terran Infantry Weapons Level 2  
  87  12:33  Terran Infantry Armor Level 2  
  87  12:36  Terran Ship Weapons Level 1  
  87  12:43  SCV  
  88  12:44  Marine x2  
  88  12:46  Marauder  
  88  12:49  Medivac  
  94  12:54  Missile Turret  
  94  12:55  SCV  
  95  13:02  Marine x2  
  97  13:07  SCV, Marauder  
  100  13:18  Medivac  
  100  13:19  SCV  
  103  13:20  Marine x2  
  105  13:31  SCV  
  106  13:48  Medivac  
  108  14:18  Medivac  
Show
View Real Time Build Order
Export as new Build Order

Joestar Protoss - Winner!

Build Orders: 1 Gate Expand 

Get SALT Encoding   

  12  0:07  Probe (Chrono Boost)  
  13  0:18  Probe (Chrono Boost), Pylon  
  14  0:28  Probe (Chrono Boost)  
  15  0:39  Probe (Chrono Boost)  
  16  0:47  Gateway  
  17  0:50  Probe (Chrono Boost)  
  17  0:51  Assimilator  
  17  1:08  Probe (Chrono Boost)  
  18  1:19  Probe (Chrono Boost)  
  19  1:42  Cybernetics Core, Nexus  
  20  1:47  Probe (Chrono Boost)  
  20  1:54  Assimilator  
  20  2:03  Probe (Chrono Boost)  
  21  2:13  Probe (Chrono Boost)  
  22  2:24  Probe (Chrono Boost)  
  22  2:27  Pylon  
  23  2:43  Warp Gate  
  23  2:45  Probe (Chrono Boost), Adept  
  26  2:56  Mothership Core (Chrono Boost)  
  28  3:01  Pylon  
  28  3:03  Probe (Chrono Boost)  
  29  3:14  Probe (Chrono Boost)  
  29  3:16  Probe (Chrono Boost)  
  29  3:17  Robotics Facility  
  31  3:24  Probe (Chrono Boost)  
  31  3:26  Probe (Chrono Boost)  
  33  3:33  Adept  
  35  3:35  Probe (Chrono Boost)  
  35  3:37  Probe (Chrono Boost)  
  36  3:45  Probe (Chrono Boost)  
  36  3:47  Probe (Chrono Boost)  
  38  3:56  Gateway, Probe (Chrono Boost)  
  38  3:57  Gateway  
  38  3:58  Probe (Chrono Boost)  
  38  4:02  Pylon  
  40  4:12  Twilight Council  
  40  4:13  Probe (Chrono Boost)  
  40  4:15  Adept  
  43  4:18  Observer  
  45  4:24  Probe x2 (Chrono Boost)  
  45  4:30  Assimilator  
  46  4:32  Assimilator  
  46  4:35  Probe x2 (Chrono Boost)  
  48  4:40  Immortal  
  48  4:45  Probe x2 (Chrono Boost)  
  54  4:52  Blink  
  54  5:05  Probe (Chrono Boost), Forge  
  54  5:06  Probe (Chrono Boost)  
  56  5:08  Stalker x2  
  56  5:09  Forge  
  56  5:10  Adept  
  62  5:27  Pylon  
  62  5:32  Pylon  
  62  5:46  Probe x2 (Chrono Boost)  
  64  5:52  Warp Prism  
  64  5:54  Robotics Bay  
  64  5:55  Protoss Ground Weapons Level 1  
  64  5:56  Probe x2 (Chrono Boost)  
  68  5:57  Protoss Ground Armor Level 1  
  68  6:07  Probe x2 (Chrono Boost)  
  70  6:17  Probe x2 (Chrono Boost)  
  70  6:18  Stalker x2  
  74  6:19  Stalker, Pylon  
  74  6:20  Nexus  
  78  6:33  Gateway, Probe (Chrono Boost)  
  78  6:35  Gateway  
  78  6:44  Extended Thermal Lance  
  78  6:45  Colossus  
  84  6:57  Stalker  
  86  7:04  Pylon  
  86  7:07  Pylon x2  
  86  7:13  Pylon  
  86  7:22  Probe x2 (Chrono Boost)  
  88  7:30  Stalker  
  88  7:33  Probe x2 (Chrono Boost)  
  92  7:39  Observer  
  93  7:44  Gateway  
  93  7:45  Gateway  
  93  7:48  Gateway  
  93  7:50  Gateway  
  93  7:54  Stalker  
  93  7:55  Stalker x2  
  99  8:00  Colossus  
  105  8:06  Probe (Chrono Boost)  
  105  8:07  Probe (Chrono Boost)  
  107  8:15  Stalker  
  107  8:16  Stalker  
  107  8:17  Probe x2 (Chrono Boost)  
  113  8:26  Stalker x3  
  119  8:27  Probe (Chrono Boost)  
  120  8:39  Robotics Facility  
  120  8:48  Protoss Ground Weapons Level 2, Protoss Ground Armor Level 2  
  120  8:53  Zealot  
  120  8:54  Zealot x5  
  132  9:17  Nexus  
  132  9:19  Pylon  
  132  9:20  Assimilator, Pylon  
  132  9:25  Assimilator  
  132  9:36  Colossus  
  138  9:38  Probe (Chrono Boost)  
  138  9:39  Probe x2 (Chrono Boost)  
  141  9:49  Probe (Chrono Boost)  
  141  9:51  Charge  
  142  9:58  Colossus (Chrono Boost)  
  148  10:32  Adept x4  
  148  10:33  Adept x4  
  164  10:39  Gateway  
  164  10:41  Gateway  
  162  10:43  Gateway  
  162  10:46  Gateway  
  162  10:49  Gateway  
  162  10:50  Gateway  
  162  11:07  Stalker  
  164  11:16  Pylon  
  164  11:18  Pylon  
  164  11:21  Pylon  
  164  11:22  Protoss Ground Weapons Level 3  
  164  11:23  Protoss Ground Armor Level 3  
  164  11:41  Colossus (Chrono Boost)  
  176  11:48  Colossus (Chrono Boost)  
  154  12:10  Photon Cannon  
  152  12:18  Stalker x4  
  152  12:19  Stalker x3  
  152  12:20  Stalker x5  
  176  12:37  Pylon  
  176  12:48  Templar Archives  
  176  12:56  Colossus (Chrono Boost)  
  188  13:03  Colossus (Chrono Boost)  
  188  13:09  Pylon x2  
  188  13:15  Photon Cannon  
  188  13:28  Stalker x3  
  188  13:29  Stalker x3  
  200  13:47  Psionic Storm  
  200  14:19  Assimilator  
Tags
 
Add a new tag
Caveats
  • Supply blocks, unpowered buildings, or Contaminate may cause inaccurate times.
  • Supply counts are checked every 10 seconds.